NULL
Full Scoreboard »»

Penguins vs Red Wings

Created - April 21, 2024 at 01:44

Goals
1 2 3 OT1 T
Penguins 1 1 0 1 3
Red Wings 0 1 1 0 2
Shots
1 2 3 OT1 T
Penguins 7 18 9 2 36
Red Wings 11 11 15 1 38

GoalsPenalties
1st period
1. Penguins , Jake Guentzel 38 (Tyler Seguin 28) at 16:25
Thomas Chabot (PIT) for Holding (Minor) at 10:23
Torey Krug (DET) for Interference (Minor) at 19:19
2nd period
2. Red Wings , Charlie McAvoy 5 (Brayden Point 47, Drake Batherson 32) at 3:40 (PP)
3. Penguins , Evan Rodrigues 27 (Matt Boldy 34) at 19:45
Pat Maroon (PIT) for Roughing (Minor) at 1:42
Torey Krug (DET) for Fighting (Major) at 19:46
Pat Maroon (PIT) for Fighting (Major) at 19:46
3rd period
4. Red Wings , Philip Tomasino 6 (Brayden Point 48) at 6:13
Daniel Sprong (DET) for Fighting (Major) at 0:38
Evgeny Svechnikov (PIT) for Fighting (Major) at 0:38
Logan Couture (DET) for Holding (Minor) at 1:56
Pat Maroon (PIT) for Roughing (Minor) at 7:47
Joel Edmundson (PIT) for Hooking (Minor) at 10:12
Evgeny Svechnikov (PIT) for Slashing (Minor) at 13:36
Overtime #1
5. Penguins , Tyler Seguin 25 (Matt Boldy 35, Joe Pavelski 34) at 0:56
No Penalty
Goalie Stats
Scott Wedgewood (PIT), 36 saves from 38 shots - (0.947), W, 21-8-5, 60:56 minutes
John Gibson (DET), 33 saves from 36 shots - (0.917), OTL, 29-12-6, 60:56 minutes
3 StarsOfficial
1 - Tyler Seguin (PIT)
2 - Matt Boldy (PIT)
3 - Scott Wedgewood (PIT)
Referees : Unknown
Linesman : Unknown
Game Note
Torey Krug beats up Pat Maroon at 19:46 of 2nd period
Daniel Sprong beats up Evgeny Svechnikov at 0:38 of 3rd period



Team Name Goals Shots Shots Attemp Shots Blocked PIM HIT PP PK FO%
Penguins 33670620240 / 2 (0%)150%
Red Wings 238611414211 / 5 (20%)050%

Penguins
Player Name POS G A P +/- PIM HIT SHT SB MP PP MP PP SHT PK MP PK SHT FO% FOT GA TA
Alex GoligoskiD0001010121:112:0804:5200% 001
Arthur KaliyevLW000002107:590:0000:280100% 100
Brock McGinnLW/RW000000006:560:0000:1300% 000
Charlie CoyleC/LW/RW0001002015:241:4800:00054% 1300
Evan RodriguesC/LW/RW1011027015:291:4820:000100% 100
Evgeny SvechnikovLW/RW000-1710012:450:0000:0000% 110
Jake GuentzelC/LW/RW1011015021:432:1004:4310% 021
Joe PavelskiC/RW0111000024:002:1004:40048% 2500
Joel EdmundsonD000-1223016:380:0000:5500% 000
Marc-Edouard VlasicD000-1010014:290:0000:0000% 000
Matt BoldyLW0222033119:221:4814:52044% 900
Mattias EkholmD0002001125:161:5005:0200% 002
Pat MaroonLW/RW000-1932012:140:0000:0000% 010
Robert HaggD000100003:040:0000:1200% 000
Ryan PulockD0001032221:112:0804:5200% 000
Sean MonahanC000-1032014:450:0000:00050% 1400
Thomas ChabotD0000213020:061:5023:5500% 010
Tyler SeguinC/RW1122015120:152:1024:52050% 210
Red Wings
Player Name POS G A P +/- PIM HIT SHT SB MP PP MP PP SHT PK MP PK SHT FO% FOT GA TA
Artem ZubD000-2010120:184:5801:4900% 000
Brayden PointC/RW0220018023:575:0241:58150% 3411
Charlie McAvoyD101-1012125:454:5612:0900% 002
Daniel SprongLW/RW0000513014:210:0000:0000% 000
Drake BathersonC/LW/RW011-2014020:245:0602:000100% 400
Ilya MikheyevLW/RW000-1011218:274:4100:0000% 100
Jake MuzzinD000000006:070:0000:2800% 000
Kevin HayesC/LW/RW000-2032120:324:4412:00039% 1810
Logan CoutureC/LW000-1227219:285:1010:5000% 110
Luke EvangelistaRW0000022215:180:0000:5100% 010
Mario FerraroD000-2021121:064:5811:4900% 000
Matt BenningD0001000115:560:0001:4100% 001
Nicolas RoyC/RW0000003014:360:0000:00080% 501
Philip TomasinoRW101100105:020:0400:0000% 000
Ryan JohansenC/RW000-1054018:194:4410:0000% 101
Samuel HonzekC/LW000100017:040:1100:17050% 200
Torey KrugD0000700017:024:5600:0000% 000
Travis HamonicD0001010215:040:0000:0000% 000

Penguins

5 vs 5 Forward
Line #Left WingCenterRight WingPHYDFOFWanted %Time %Time Play
1Jake GuentzelJoe PavelskiTyler Seguin1223032%14:39
2Matt BoldyCharlie CoyleEvan Rodrigues1223029%13:15
3Pat MaroonSean MonahanEvgeny Svechnikov1223030%13:57
4Arthur KaliyevJoe PavelskiBrock McGinn122109%4:17
5 vs 5 Defense
Line #DefenseDefensePHYDFOFWanted %Time %Time Play
1Mattias EkholmThomas Chabot1223032%14:36
2Ryan PulockAlex Goligoski1223031%14:11
3Marc-Edouard VlasicJoel Edmundson1223031%14:29
4Robert HaggMattias Ekholm122106%2:52
Power Play Forward
Line #Left WingCenterRight WingPHYDFOFWanted %Time %Time Play
1Jake GuentzelJoe PavelskiTyler Seguin1225055%2:10
2Matt BoldyCharlie CoyleEvan Rodrigues1225045%1:48
Power Play Defense
Line #DefenseDefensePHYDFOFWanted %Time %Time Play
1Mattias EkholmThomas Chabot1225046%1:50
2Ryan PulockAlex Goligoski1225054%2:08
Penalty Kill 4 Players Forward
Line #CenterWingPHYDFOFWanted %Time %Time Play
1Joe PavelskiJake Guentzel1225051%5:02
2Matt BoldyTyler Seguin1225049%4:52
Penalty Kill 4 Players Defense
Line #DefenseDefensePHYDFOFWanted %Time %Time Play
1Mattias EkholmThomas Chabot1225051%5:02
2Ryan PulockAlex Goligoski1225049%4:52
Penalty Kill 3 Players
Line #WingPHYDFOFWanted %Time %Time PlayDefenseDefensePHYDFOFWanted %Time %Time Play
1Joe Pavelski122500%0:00 Mattias EkholmThomas Chabot122500%0:00
2Jake Guentzel122500%0:00 Ryan PulockAlex Goligoski122500%0:00
4 vs 4 Forward
Line #CenterWingPHYDFOFWanted %Time %Time Play
1Joe PavelskiJake Guentzel122500%0:00
2Matt BoldyTyler Seguin122500%0:00
4 vs 4 Defense
Line #DefensePHYDFOFWanted %Time %Time Play
1Mattias EkholmThomas Chabot122500%0:00
2Ryan PulockAlex Goligoski122500%0:00
Last Minutes Offensive
Left WingCenterRight WingDefenseDefense
Jake GuentzelJoe PavelskiTyler SeguinMattias EkholmThomas Chabot
Last Minutes Defensive
Left WingCenterRight WingDefenseDefense
Jake GuentzelJoe PavelskiTyler SeguinMattias EkholmThomas Chabot
Time
Total ForwardTotal DefenseLast Minutes OffensiveLast Minutes Defensive
60:00 60:00 0:000:00
Extra Forwards
Normal PowerPlayPenalty Kill
Sean Monahan, Pat Maroon, Arthur KaliyevSean Monahan, Pat MaroonArthur Kaliyev
Extra Defensemen
Normal PowerPlayPenalty Kill
Marc-Edouard Vlasic, Joel Edmundson, Robert HaggMarc-Edouard Vlasic, Joel EdmundsonRobert Hagg
Penalty Shots
Joe Pavelski, Jake Guentzel, Matt Boldy, Tyler Seguin, Charlie Coyle
Goalie
Scott Wedgewood, Ilya Sorokin
Custom OT Lines Forwards
Joe Pavelski, Jake Guentzel, Matt Boldy, Tyler Seguin, Charlie Coyle, Evan Rodrigues, Sean Monahan, Pat Maroon, Arthur Kaliyev, Evgeny Svechnikov
Custom OT Lines Defensemen
Mattias Ekholm, Thomas Chabot, Ryan Pulock, Alex Goligoski, Marc-Edouard Vlasic
Scratches
Zack MacEwen (Healthy), Dominik Simon (Healthy)

Red Wings

5 vs 5 Forward
Line #Left WingCenterRight WingPHYDFOFWanted %Time %Time Play
1Logan CoutureBrayden PointDrake Batherson1223027%12:41
2Ilya MikheyevKevin HayesRyan Johansen1223032%14:34
3Daniel SprongNicolas RoyLuke Evangelista1223030%13:58
4Brayden PointSamuel HonzekPhilip Tomasino1221011%4:55
5 vs 5 Defense
Line #DefenseDefensePHYDFOFWanted %Time %Time Play
1Charlie McAvoyTorey Krug1223030%14:02
2Mario FerraroArtem Zub1223029%13:24
3Travis HamonicMatt Benning1223031%14:15
4Jake MuzzinCharlie McAvoy1221010%4:27
Power Play Forward
Line #Left WingCenterRight WingPHYDFOFWanted %Time %Time Play
1Logan CoutureBrayden PointDrake Batherson1225052%5:10
2Ilya MikheyevKevin HayesRyan Johansen1225048%4:44
Power Play Defense
Line #DefenseDefensePHYDFOFWanted %Time %Time Play
1Charlie McAvoyTorey Krug1225050%4:56
2Mario FerraroArtem Zub1225050%4:58
Penalty Kill 4 Players Forward
Line #CenterWingPHYDFOFWanted %Time %Time Play
1Brayden PointLogan Couture1225050%1:58
2Drake BathersonKevin Hayes1225050%2:00
Penalty Kill 4 Players Defense
Line #DefenseDefensePHYDFOFWanted %Time %Time Play
1Charlie McAvoyTorey Krug1225054%2:09
2Mario FerraroArtem Zub1225046%1:49
Penalty Kill 3 Players
Line #WingPHYDFOFWanted %Time %Time PlayDefenseDefensePHYDFOFWanted %Time %Time Play
1Brayden Point122500%0:00 Charlie McAvoyTorey Krug122500%0:00
2Logan Couture122500%0:00 Mario FerraroArtem Zub122500%0:00
4 vs 4 Forward
Line #CenterWingPHYDFOFWanted %Time %Time Play
1Brayden PointLogan Couture122500%0:00
2Drake BathersonKevin Hayes122500%0:00
4 vs 4 Defense
Line #DefensePHYDFOFWanted %Time %Time Play
1Charlie McAvoyTorey Krug122500%0:00
2Mario FerraroArtem Zub122500%0:00
Last Minutes Offensive
Left WingCenterRight WingDefenseDefense
Logan CoutureBrayden PointDrake BathersonCharlie McAvoyTorey Krug
Last Minutes Defensive
Left WingCenterRight WingDefenseDefense
Logan CoutureBrayden PointDrake BathersonCharlie McAvoyTorey Krug
Time
Total ForwardTotal DefenseLast Minutes OffensiveLast Minutes Defensive
60:00 60:00 0:000:00
Extra Forwards
Normal PowerPlayPenalty Kill
Nicolas Roy, Daniel Sprong, Luke EvangelistaNicolas Roy, Daniel SprongLuke Evangelista
Extra Defensemen
Normal PowerPlayPenalty Kill
Travis Hamonic, Matt Benning, Jake MuzzinTravis Hamonic, Matt BenningJake Muzzin
Penalty Shots
Brayden Point, Logan Couture, Drake Batherson, Kevin Hayes, Ryan Johansen
Goalie
John Gibson, Arseni Sergeev
Custom OT Lines Forwards
Brayden Point, Logan Couture, Drake Batherson, Kevin Hayes, Ryan Johansen, Nicolas Roy, Ilya Mikheyev, Daniel Sprong, Luke Evangelista, Samuel Honzek
Custom OT Lines Defensemen
Charlie McAvoy, Torey Krug, Mario Ferraro, Artem Zub, Travis Hamonic
Scratches
Jack Drury (Healthy), Jordan Greenway (Healthy), Casey Desmith (Exhaustion)


Play-by-Play

1st period


0:01 of 1st period - Joe Pavelski wins face-off versus Logan Couture in neutral zone.
0:14 of 1st period - Snap shot by Joe Pavelski.
0:14 of 1st period - Shot Misses the Net.
0:26 of 1st period - Matt Boldy is hit by Ryan Johansen and loses puck.
0:49 of 1st period - Ryan Pulock is hit by Mario Ferraro and loses puck.
1:06 of 1st period - Brayden Point is hit by Arthur Kaliyev and loses puck.
2:07 of 1st period - Snap shot by Pat Maroon.
2:07 of 1st period - Deflect By Evgeny Svechnikov.
2:07 of 1st period - Shot Misses the Net.
2:07 of 1st period - Puck is out of play.
2:08 of 1st period - Nicolas Roy wins face-off versus Evgeny Svechnikov in Red Wings zone.
2:27 of 1st period - Snap shot by Luke Evangelista.
2:27 of 1st period - Stopped by Scott Wedgewood with a rebound.
2:35 of 1st period - Mario Ferraro is hit by Evgeny Svechnikov and loses puck.
5:12 of 1st period - Nicolas Roy is hit by Sean Monahan and loses puck.
6:21 of 1st period - Snap shot by Daniel Sprong.
6:21 of 1st period - Stopped by Scott Wedgewood without a rebound.
6:22 of 1st period - Joe Pavelski wins face-off versus Kevin Hayes in Penguins zone.
6:37 of 1st period - Jake Guentzel is hit by Travis Hamonic and loses puck.
7:45 of 1st period - Slapshot by Arthur Kaliyev.
7:45 of 1st period - Shot Misses the Net.
8:37 of 1st period - Brayden Point is hit by Arthur Kaliyev and loses puck.
9:08 of 1st period - Jake Muzzin is hit by Matt Boldy and loses puck.
9:16 of 1st period - Icing by Philip Tomasino.
9:17 of 1st period - Arthur Kaliyev wins face-off versus Samuel Honzek in Red Wings zone.
10:23 of 1st period - Minor Penalty to Thomas Chabot for Holding.
10:24 of 1st period - Brayden Point wins face-off versus Matt Boldy in Penguins zone.
10:49 of 1st period - Snap shot by Kevin Hayes.
10:49 of 1st period - Shot Misses the Net.
10:51 of 1st period - Snap shot by Ryan Johansen.
10:51 of 1st period - Stopped by Scott Wedgewood with a rebound.
12:23 of 1st period - Penalty to Thomas Chabot is over, Thomas Chabot is back on ice.
12:38 of 1st period - Snap shot by Charlie Coyle.
12:38 of 1st period - Shot Misses the Net.
12:40 of 1st period - Slapshot by Evan Rodrigues.
12:40 of 1st period - Stopped by John Gibson with a rebound.
12:42 of 1st period - Snap shot by Arthur Kaliyev.
12:42 of 1st period - Stopped by John Gibson without a rebound.
12:43 of 1st period - Samuel Honzek wins face-off versus Charlie Coyle in Red Wings zone.
13:00 of 1st period - Logan Couture is hit by Ryan Pulock and loses puck.
13:23 of 1st period - Kevin Hayes is hit by Marc-Edouard Vlasic and loses puck.
15:48 of 1st period - Icing by Philip Tomasino.
15:49 of 1st period - Evan Rodrigues wins face-off versus Kevin Hayes in Red Wings zone.
16:05 of 1st period - Icing by Thomas Chabot.
16:06 of 1st period - Brayden Point wins face-off versus Sean Monahan in Penguins zone.
16:07 of 1st period - Snap shot by Drake Batherson.
16:07 of 1st period - Stopped by Scott Wedgewood with a rebound.
16:09 of 1st period - Backhand shot by Logan Couture.
16:09 of 1st period - Stopped by Scott Wedgewood with a rebound.
16:11 of 1st period - Snap shot by Logan Couture.
16:11 of 1st period - Stopped by Scott Wedgewood with a rebound.
16:13 of 1st period - Slapshot by Artem Zub.
16:13 of 1st period - Deflect By Logan Couture.
16:13 of 1st period - Stopped by Scott Wedgewood without a rebound.
16:14 of 1st period - Brayden Point wins face-off versus Joe Pavelski in Penguins zone.
16:25 of 1st period - Slapshot by Jake Guentzel.
16:25 of 1st period - Goal by Jake Guentzel - Penguins : 1 - Red Wings : 0.
16:26 of 1st period - Joe Pavelski wins face-off versus Brayden Point in neutral zone.
16:33 of 1st period - Wrist shot by Drake Batherson.
16:33 of 1st period - Stopped by Scott Wedgewood with a rebound.
16:35 of 1st period - Slapshot by Charlie McAvoy.
16:35 of 1st period - Shot Blocked by Ryan Pulock.
16:37 of 1st period - Snap shot by Logan Couture.
16:37 of 1st period - Shot Misses the Net.
16:39 of 1st period - Wrist shot by Brayden Point.
16:39 of 1st period - Stopped by Scott Wedgewood with a rebound.
16:41 of 1st period - Slapshot by Charlie McAvoy.
16:41 of 1st period - Shot Misses the Net.
16:43 of 1st period - Slapshot by Charlie McAvoy.
16:43 of 1st period - Shot Blocked by Alex Goligoski.
16:57 of 1st period - Slapshot by Ryan Johansen.
16:57 of 1st period - Stopped by Scott Wedgewood with a rebound.
16:59 of 1st period - Slapshot by Mario Ferraro.
16:59 of 1st period - Shot Blocked by Ryan Pulock.
17:01 of 1st period - Snap shot by Ryan Johansen.
17:01 of 1st period - Shot Misses the Net.
17:03 of 1st period - Wrist shot by Ryan Johansen.
17:03 of 1st period - Shot Blocked by Matt Boldy.
17:55 of 1st period - Mario Ferraro is hit by Matt Boldy and loses puck.
18:28 of 1st period - Slapshot by Jake Guentzel.
18:28 of 1st period - Stopped by John Gibson with a rebound.
18:31 of 1st period - Icing by Luke Evangelista.
18:32 of 1st period - Charlie Coyle wins face-off versus Nicolas Roy in Red Wings zone.
18:59 of 1st period - Ilya Mikheyev is hit by Joel Edmundson and loses puck.
19:19 of 1st period - Minor Penalty to Torey Krug for Interference.
19:20 of 1st period - Brayden Point wins face-off versus Joe Pavelski in Red Wings zone.
19:28 of 1st period - Snap shot by Tyler Seguin.
19:28 of 1st period - Stopped by John Gibson with a rebound.
19:30 of 1st period - Slapshot by Thomas Chabot.
19:30 of 1st period - Stopped by John Gibson with a rebound.
19:32 of 1st period - Slapshot by Thomas Chabot.
19:32 of 1st period - Stopped by John Gibson without a rebound.
19:33 of 1st period - Drake Batherson wins face-off versus Charlie Coyle in Red Wings zone.
19:52 of 1st period - Wrist shot by Brayden Point.
19:52 of 1st period - Stopped by Scott Wedgewood with a rebound.
Goals for this period are 1 for Penguins vs 0 for Red Wings.
Shots for this period are 7 for Penguins vs 11 for Red Wings.

2nd period


0:01 of 2nd period - Drake Batherson wins face-off versus Joe Pavelski in neutral zone.
0:14 of 2nd period - Jake Guentzel is hit by Drake Batherson and loses puck.
0:26 of 2nd period - Thomas Chabot is hit by Charlie McAvoy and loses puck.
0:37 of 2nd period - Slapshot by Mattias Ekholm.
0:37 of 2nd period - Shot Misses the Net.
0:39 of 2nd period - Backhand shot by Mattias Ekholm.
0:39 of 2nd period - Shot Misses the Net.
0:59 of 2nd period - Wrist shot by Jake Guentzel.
0:59 of 2nd period - Shot Misses the Net.
1:01 of 2nd period - Snap shot by Tyler Seguin.
1:01 of 2nd period - Stopped by John Gibson without a rebound.
1:02 of 2nd period - Charlie Coyle wins face-off versus Brayden Point in Red Wings zone.
1:03 of 2nd period - Snap shot by Matt Boldy.
1:03 of 2nd period - Stopped by John Gibson with a rebound.
1:19 of 2nd period - Penalty to Torey Krug is over, Torey Krug is back on ice.
1:42 of 2nd period - Minor Penalty to Pat Maroon for Roughing.
1:43 of 2nd period - Brayden Point wins face-off versus Tyler Seguin in Penguins zone.
2:12 of 2nd period - Wrist shot by Jake Guentzel.
2:12 of 2nd period - Stopped by John Gibson without a rebound.
2:13 of 2nd period - Joe Pavelski wins face-off versus Kevin Hayes in Red Wings zone.
2:40 of 2nd period - Mario Ferraro is hit by Matt Boldy and loses puck.
3:02 of 2nd period - Snap shot by Brayden Point.
3:02 of 2nd period - Shot Misses the Net.
3:30 of 2nd period - Slapshot by Charlie McAvoy.
3:30 of 2nd period - Shot Misses the Net.
3:38 of 2nd period - Snap shot by Brayden Point.
3:38 of 2nd period - Stopped by Scott Wedgewood with a rebound.
3:40 of 2nd period - Slapshot by Charlie McAvoy.
3:40 of 2nd period - Goal by Charlie McAvoy - Penguins : 1 - Red Wings : 1.
3:41 of 2nd period - Kevin Hayes wins face-off versus Matt Boldy in neutral zone.
3:44 of 2nd period - Joel Edmundson is hit by Kevin Hayes and loses puck.
3:55 of 2nd period - Wrist shot by Evan Rodrigues.
3:55 of 2nd period - Shot Blocked by Travis Hamonic.
4:07 of 2nd period - Tyler Seguin is hit by Daniel Sprong and loses puck.
4:27 of 2nd period - Slapshot by Thomas Chabot.
4:27 of 2nd period - Shot Blocked by Samuel Honzek.
4:29 of 2nd period - Slapshot by Pat Maroon.
4:29 of 2nd period - Stopped by John Gibson with a rebound.
4:55 of 2nd period - Torey Krug is hit by Alex Goligoski and loses puck.
5:08 of 2nd period - Snap shot by Ryan Johansen.
5:08 of 2nd period - Stopped by Scott Wedgewood with a rebound.
5:10 of 2nd period - Slapshot by Ryan Johansen.
5:10 of 2nd period - Stopped by Scott Wedgewood with a rebound.
5:12 of 2nd period - Snap shot by Ilya Mikheyev.
5:12 of 2nd period - Shot Misses the Net.
5:28 of 2nd period - Wrist shot by Pat Maroon.
5:28 of 2nd period - Shot Misses the Net.
5:30 of 2nd period - Slapshot by Marc-Edouard Vlasic.
5:30 of 2nd period - Deflect By Sean Monahan.
5:30 of 2nd period - Stopped by John Gibson without a rebound.
5:31 of 2nd period - Nicolas Roy wins face-off versus Sean Monahan in Red Wings zone.
5:46 of 2nd period - Snap shot by Nicolas Roy.
5:46 of 2nd period - Stopped by Scott Wedgewood with a rebound.
6:37 of 2nd period - Logan Couture is hit by Pat Maroon and loses puck.
7:23 of 2nd period - Robert Hagg is hit by Luke Evangelista and loses puck.
7:36 of 2nd period - Backhand shot by Joe Pavelski.
7:36 of 2nd period - Shot Misses the Net.
7:44 of 2nd period - Slapshot by Sean Monahan.
7:44 of 2nd period - Stopped by John Gibson without a rebound.
7:45 of 2nd period - Kevin Hayes wins face-off versus Charlie Coyle in Red Wings zone.
7:50 of 2nd period - Charlie Coyle is hit by Kevin Hayes and loses puck.
7:59 of 2nd period - Backhand shot by Evan Rodrigues.
7:59 of 2nd period - Stopped by John Gibson with a rebound.
8:01 of 2nd period - Slapshot by Charlie Coyle.
8:01 of 2nd period - Deflect By Evan Rodrigues.
8:01 of 2nd period - Shot Blocked by Ilya Mikheyev.
8:01 of 2nd period - Puck is out of play.
8:02 of 2nd period - Brayden Point wins face-off versus Sean Monahan in Red Wings zone.
8:07 of 2nd period - Snap shot by Brayden Point.
8:07 of 2nd period - Shot Misses the Net.
8:27 of 2nd period - Daniel Sprong is hit by Ryan Pulock.
8:51 of 2nd period - Charlie Coyle is hit by Ryan Johansen and loses puck.
9:26 of 2nd period - Snap shot by Logan Couture.
9:26 of 2nd period - Stopped by Scott Wedgewood without a rebound.
9:27 of 2nd period - Brayden Point wins face-off versus Joe Pavelski in Penguins zone.
9:30 of 2nd period - Snap shot by Drake Batherson.
9:30 of 2nd period - Stopped by Scott Wedgewood with a rebound.
9:38 of 2nd period - Wrist shot by Logan Couture.
9:38 of 2nd period - Shot Misses the Net.
9:43 of 2nd period - Off-side.
9:44 of 2nd period - Kevin Hayes wins face-off versus Charlie Coyle in neutral zone.
10:09 of 2nd period - Charlie McAvoy is hit by Jake Guentzel and loses puck.
10:27 of 2nd period - Off-side.
10:28 of 2nd period - Sean Monahan wins face-off versus Brayden Point in neutral zone.
10:30 of 2nd period - Off-side.
10:31 of 2nd period - Sean Monahan wins face-off versus Brayden Point in neutral zone.
10:49 of 2nd period - Icing by Logan Couture.
10:50 of 2nd period - Joe Pavelski wins face-off versus Brayden Point in Red Wings zone.
10:51 of 2nd period - Backhand shot by Jake Guentzel.
10:51 of 2nd period - Stopped by John Gibson with a rebound.
11:19 of 2nd period - Wrist shot by Evan Rodrigues.
11:19 of 2nd period - Shot Blocked by Kevin Hayes.
11:21 of 2nd period - Slapshot by Alex Goligoski.
11:21 of 2nd period - Shot Blocked by Matt Benning.
11:37 of 2nd period - Luke Evangelista is hit by Pat Maroon and loses puck.
11:42 of 2nd period - Wrist shot by Sean Monahan.
11:42 of 2nd period - Shot Misses the Net.
12:29 of 2nd period - Icing by Sean Monahan.
12:30 of 2nd period - Sean Monahan wins face-off versus Kevin Hayes in Penguins zone.
12:35 of 2nd period - Artem Zub is hit by Pat Maroon and loses puck.
12:44 of 2nd period - Wrist shot by Kevin Hayes.
12:44 of 2nd period - Stopped by Scott Wedgewood with a rebound.
12:46 of 2nd period - Snap shot by Ilya Mikheyev.
12:46 of 2nd period - Shot Misses the Net.
13:27 of 2nd period - Slapshot by Matt Boldy.
13:27 of 2nd period - Deflect By Charlie Coyle.
13:27 of 2nd period - Stopped by John Gibson with a rebound.
13:30 of 2nd period - Icing by Drake Batherson.
13:31 of 2nd period - Brayden Point wins face-off versus Joe Pavelski in Red Wings zone.
13:52 of 2nd period - Ryan Pulock is hit by Logan Couture and loses puck.
13:56 of 2nd period - Alex Goligoski is hit by Logan Couture and loses puck.
14:04 of 2nd period - Off-side.
14:05 of 2nd period - Charlie Coyle wins face-off versus Kevin Hayes in neutral zone.
14:13 of 2nd period - Snap shot by Evan Rodrigues.
14:13 of 2nd period - Stopped by John Gibson with a rebound.
14:15 of 2nd period - Snap shot by Charlie Coyle.
14:15 of 2nd period - Stopped by John Gibson with a rebound.
14:31 of 2nd period - Snap shot by Luke Evangelista.
14:31 of 2nd period - Deflect By Nicolas Roy.
14:31 of 2nd period - Shot Blocked by Mattias Ekholm.
14:31 of 2nd period - Puck is out of play.
14:32 of 2nd period - Nicolas Roy wins face-off versus Joe Pavelski in Penguins zone.
14:40 of 2nd period - Icing by Joe Pavelski.
14:41 of 2nd period - Brayden Point wins face-off versus Joe Pavelski in Penguins zone.
14:49 of 2nd period - Slapshot by Logan Couture.
14:49 of 2nd period - Shot Blocked by Tyler Seguin.
14:51 of 2nd period - Snap shot by Logan Couture.
14:51 of 2nd period - Stopped by Scott Wedgewood with a rebound.
15:07 of 2nd period - Wrist shot by Nicolas Roy.
15:07 of 2nd period - Stopped by Scott Wedgewood with a rebound.
15:21 of 2nd period - Wrist shot by Tyler Seguin.
15:21 of 2nd period - Stopped by John Gibson with a rebound.
15:23 of 2nd period - Wrist shot by Ryan Pulock.
15:23 of 2nd period - Stopped by John Gibson with a rebound.
15:25 of 2nd period - Slapshot by Alex Goligoski.
15:25 of 2nd period - Shot Blocked by Artem Zub.
15:27 of 2nd period - Snap shot by Tyler Seguin.
15:27 of 2nd period - Stopped by John Gibson without a rebound.
15:28 of 2nd period - Charlie Coyle wins face-off versus Brayden Point in Red Wings zone.
15:33 of 2nd period - Wrist shot by Matt Boldy.
15:33 of 2nd period - Stopped by John Gibson with a rebound.
16:01 of 2nd period - Slapshot by Thomas Chabot.
16:01 of 2nd period - Stopped by John Gibson with a rebound.
16:03 of 2nd period - Slapshot by Mattias Ekholm.
16:03 of 2nd period - Deflect By Pat Maroon.
16:03 of 2nd period - Shot Blocked by Ilya Mikheyev.
16:03 of 2nd period - Puck is out of play.
16:04 of 2nd period - Kevin Hayes wins face-off versus Sean Monahan in Red Wings zone.
16:04 of 2nd period - Kevin Hayes is hit by Joel Edmundson.
16:07 of 2nd period - Icing by Ilya Mikheyev.
16:08 of 2nd period - Kevin Hayes wins face-off versus Joe Pavelski in Red Wings zone.
16:35 of 2nd period - Snap shot by Ilya Mikheyev.
16:35 of 2nd period - Shot Misses the Net.
16:55 of 2nd period - Snap shot by Pat Maroon.
16:55 of 2nd period - Shot Blocked by Luke Evangelista.
17:01 of 2nd period - Luke Evangelista is hit by Sean Monahan and loses puck.
17:19 of 2nd period - Slapshot by Mattias Ekholm.
17:19 of 2nd period - Stopped by John Gibson with a rebound.
18:24 of 2nd period - Wrist shot by Luke Evangelista.
18:24 of 2nd period - Deflect By Tyler Seguin.
18:24 of 2nd period - Stopped by Scott Wedgewood with a rebound.
18:39 of 2nd period - Off-side.
18:40 of 2nd period - Charlie Coyle wins face-off versus Kevin Hayes in neutral zone.
18:43 of 2nd period - Ryan Johansen is hit by Evan Rodrigues and loses puck.
18:54 of 2nd period - Snap shot by Ilya Mikheyev.
18:54 of 2nd period - Shot Misses the Net.
19:11 of 2nd period - Matt Boldy is hit by Kevin Hayes and loses puck.
19:45 of 2nd period - Backhand shot by Evan Rodrigues.
19:45 of 2nd period - Goal by Evan Rodrigues - Penguins : 2 - Red Wings : 1.
19:46 of 2nd period - Sean Monahan wins face-off versus Brayden Point in neutral zone.
19:46 of 2nd period - Torey Krug beats up Pat Maroon.
19:46 of 2nd period - Penalty to Torey Krug for Fighting.
19:46 of 2nd period - Penalty to Pat Maroon for Fighting.
19:47 of 2nd period - Joe Pavelski wins face-off versus Brayden Point in neutral zone.
19:52 of 2nd period - Snap shot by Joe Pavelski.
19:52 of 2nd period - Deflect By Jake Guentzel.
19:52 of 2nd period - Shot Blocked by Travis Hamonic.
19:52 of 2nd period - Puck is out of play.
19:53 of 2nd period - Tyler Seguin wins face-off versus Brayden Point in Red Wings zone.
19:57 of 2nd period - Snap shot by Thomas Chabot.
19:57 of 2nd period - Shot Blocked by Logan Couture.
19:59 of 2nd period - Snap shot by Jake Guentzel.
19:59 of 2nd period - Shot Misses the Net.
Goals for this period are 1 for Penguins vs 1 for Red Wings.
Shots for this period are 18 for Penguins vs 11 for Red Wings.

3rd period


0:01 of 3rd period - Brayden Point wins face-off versus Joe Pavelski in neutral zone.
0:35 of 3rd period - Snap shot by Ryan Johansen.
0:35 of 3rd period - Deflect By Ilya Mikheyev.
0:35 of 3rd period - Stopped by Scott Wedgewood without a rebound.
0:36 of 3rd period - Nicolas Roy wins face-off versus Sean Monahan in Penguins zone.
0:38 of 3rd period - Daniel Sprong beats up Evgeny Svechnikov.
0:38 of 3rd period - Penalty to Daniel Sprong for Fighting.
0:38 of 3rd period - Penalty to Evgeny Svechnikov for Fighting.
0:39 of 3rd period - Joe Pavelski wins face-off versus Brayden Point in Penguins zone.
0:50 of 3rd period - Slapshot by Brayden Point.
0:50 of 3rd period - Stopped by Scott Wedgewood with a rebound.
1:04 of 3rd period - Thomas Chabot is hit by Ryan Johansen and loses puck.
1:21 of 3rd period - Nicolas Roy is hit by Sean Monahan and loses puck.
1:26 of 3rd period - Snap shot by Arthur Kaliyev.
1:26 of 3rd period - Shot Misses the Net.
1:28 of 3rd period - Backhand shot by Joel Edmundson.
1:28 of 3rd period - Stopped by John Gibson without a rebound.
1:29 of 3rd period - Joe Pavelski wins face-off versus Brayden Point in Red Wings zone.
1:56 of 3rd period - Minor Penalty to Logan Couture for Holding.
1:57 of 3rd period - Brayden Point wins face-off versus Charlie Coyle in Red Wings zone.
2:28 of 3rd period - Luke Evangelista is hit by Evan Rodrigues and loses puck.
2:35 of 3rd period - Snap shot by Evan Rodrigues.
2:35 of 3rd period - Stopped by John Gibson with a rebound.
2:37 of 3rd period - Snap shot by Charlie Coyle.
2:37 of 3rd period - Shot Misses the Net.
2:39 of 3rd period - Slapshot by Alex Goligoski.
2:39 of 3rd period - Shot Blocked by Mario Ferraro.
2:41 of 3rd period - Wrist shot by Evan Rodrigues.
2:41 of 3rd period - Stopped by John Gibson without a rebound.
2:42 of 3rd period - Drake Batherson wins face-off versus Joe Pavelski in Red Wings zone.
2:51 of 3rd period - Snap shot by Thomas Chabot.
2:51 of 3rd period - Shot Blocked by Charlie McAvoy.
2:53 of 3rd period - Snap shot by Jake Guentzel.
2:53 of 3rd period - Shot Blocked by Luke Evangelista.
2:55 of 3rd period - Wrist shot by Jake Guentzel.
2:55 of 3rd period - Shot Misses the Net.
2:57 of 3rd period - Wrist shot by Joe Pavelski.
2:57 of 3rd period - Shot Misses the Net.
3:56 of 3rd period - Penalty to Logan Couture is over, Logan Couture is back on ice.
4:13 of 3rd period - Slapshot by Joel Edmundson.
4:13 of 3rd period - Stopped by John Gibson without a rebound.
4:14 of 3rd period - Sean Monahan wins face-off versus Kevin Hayes in Red Wings zone.
4:33 of 3rd period - Arthur Kaliyev is hit by Ryan Johansen and loses puck.
5:19 of 3rd period - Icing by Sean Monahan.
5:20 of 3rd period - Brayden Point wins face-off versus Sean Monahan in Penguins zone.
5:21 of 3rd period - Slapshot by Drake Batherson.
5:21 of 3rd period - Stopped by Scott Wedgewood without a rebound.
5:22 of 3rd period - Charlie Coyle wins face-off versus Brayden Point in Penguins zone.
5:22 of 3rd period - Charlie Coyle is hit by Brayden Point.
5:28 of 3rd period - Wrist shot by Matt Boldy.
5:28 of 3rd period - Shot Misses the Net.
5:32 of 3rd period - Snap shot by Matt Boldy.
5:32 of 3rd period - Stopped by John Gibson with a rebound.
5:34 of 3rd period - Backhand shot by Charlie Coyle.
5:34 of 3rd period - Shot Misses the Net.
5:36 of 3rd period - Snap shot by Evan Rodrigues.
5:36 of 3rd period - Stopped by John Gibson with a rebound.
5:38 of 3rd period - Backhand shot by Joel Edmundson.
5:38 of 3rd period - Stopped by John Gibson with a rebound.
5:48 of 3rd period - Marc-Edouard Vlasic is hit by Artem Zub and loses puck.
5:57 of 3rd period - Backhand shot by Daniel Sprong.
5:57 of 3rd period - Stopped by Scott Wedgewood with a rebound.
5:59 of 3rd period - Wrist shot by Luke Evangelista.
5:59 of 3rd period - Shot Misses the Net.
6:11 of 3rd period - Snap shot by Brayden Point.
6:11 of 3rd period - Shot Misses the Net.
6:13 of 3rd period - Wrist shot by Philip Tomasino.
6:13 of 3rd period - Goal by Philip Tomasino - Penguins : 2 - Red Wings : 2.
6:14 of 3rd period - Brayden Point wins face-off versus Charlie Coyle in neutral zone.
7:24 of 3rd period - Luke Evangelista is hit by Ryan Pulock and loses puck.
7:34 of 3rd period - Icing by Jake Guentzel.
7:35 of 3rd period - Joe Pavelski wins face-off versus Brayden Point in Penguins zone.
7:42 of 3rd period - Wrist shot by Sean Monahan.
7:42 of 3rd period - Shot Blocked by Logan Couture.
7:47 of 3rd period - Minor Penalty to Pat Maroon for Roughing.
7:48 of 3rd period - Kevin Hayes wins face-off versus Matt Boldy in Penguins zone.
7:50 of 3rd period - Snap shot by Ilya Mikheyev.
7:50 of 3rd period - Deflect By Matt Boldy.
7:50 of 3rd period - Shot Misses the Net.
7:50 of 3rd period - Puck is out of play.
7:51 of 3rd period - Matt Boldy wins face-off versus Ilya Mikheyev in Penguins zone.
8:20 of 3rd period - Snap shot by Brayden Point.
8:20 of 3rd period - Stopped by Scott Wedgewood without a rebound.
8:21 of 3rd period - Drake Batherson wins face-off versus Matt Boldy in Penguins zone.
8:24 of 3rd period - Wrist shot by Brayden Point.
8:24 of 3rd period - Stopped by Scott Wedgewood with a rebound.
8:26 of 3rd period - Snap shot by Logan Couture.
8:26 of 3rd period - Stopped by Scott Wedgewood with a rebound.
8:28 of 3rd period - Wrist shot by Drake Batherson.
8:28 of 3rd period - Deflect By Brayden Point.
8:28 of 3rd period - Stopped by Scott Wedgewood without a rebound.
8:29 of 3rd period - Matt Boldy wins face-off versus Kevin Hayes in Penguins zone.
9:47 of 3rd period - Penalty to Pat Maroon is over, Pat Maroon is back on ice.
10:12 of 3rd period - Minor Penalty to Joel Edmundson for Hooking.
10:13 of 3rd period - Kevin Hayes wins face-off versus Matt Boldy in Penguins zone.
10:18 of 3rd period - Slapshot by Kevin Hayes.
10:18 of 3rd period - Stopped by Scott Wedgewood without a rebound.
10:19 of 3rd period - Matt Boldy wins face-off versus Kevin Hayes in Penguins zone.
10:28 of 3rd period - Slapshot by Ryan Johansen.
10:28 of 3rd period - Shot Misses the Net.
10:30 of 3rd period - Backhand shot by Mario Ferraro.
10:30 of 3rd period - Stopped by Scott Wedgewood without a rebound.
10:31 of 3rd period - Joe Pavelski wins face-off versus Kevin Hayes in Penguins zone.
11:35 of 3rd period - Thomas Chabot is hit by Mario Ferraro and loses puck.
11:58 of 3rd period - Mattias Ekholm is hit by Ilya Mikheyev and loses puck.
12:12 of 3rd period - Penalty to Joel Edmundson is over, Joel Edmundson is back on ice.
12:33 of 3rd period - Matt Benning is hit by Thomas Chabot and loses puck.
12:56 of 3rd period - Wrist shot by Daniel Sprong.
12:56 of 3rd period - Shot Misses the Net.
13:06 of 3rd period - Snap shot by Nicolas Roy.
13:06 of 3rd period - Stopped by Scott Wedgewood without a rebound.
13:07 of 3rd period - Sean Monahan wins face-off versus Kevin Hayes in Penguins zone.
13:07 of 3rd period - Sean Monahan is hit by Ryan Johansen.
13:13 of 3rd period - Backhand shot by Ryan Pulock.
13:13 of 3rd period - Stopped by John Gibson with a rebound.
13:15 of 3rd period - Wrist shot by Pat Maroon.
13:15 of 3rd period - Shot Misses the Net.
13:17 of 3rd period - Slapshot by Alex Goligoski.
13:17 of 3rd period - Shot Misses the Net.
13:19 of 3rd period - Snap shot by Pat Maroon.
13:19 of 3rd period - Stopped by John Gibson without a rebound.
13:20 of 3rd period - Charlie Coyle wins face-off versus Brayden Point in Red Wings zone.
13:33 of 3rd period - Slapshot by Brayden Point.
13:33 of 3rd period - Stopped by Scott Wedgewood without a rebound.
13:34 of 3rd period - Sean Monahan wins face-off versus Brayden Point in Penguins zone.
13:36 of 3rd period - Minor Penalty to Evgeny Svechnikov for Slashing.
13:37 of 3rd period - Matt Boldy wins face-off versus Ryan Johansen in Penguins zone.
15:36 of 3rd period - Penalty to Evgeny Svechnikov is over, Evgeny Svechnikov is back on ice.
17:32 of 3rd period - Icing by Tyler Seguin.
17:33 of 3rd period - Joe Pavelski wins face-off versus Brayden Point in Penguins zone.
18:04 of 3rd period - Evan Rodrigues is hit by Luke Evangelista and loses puck.
18:13 of 3rd period - Snap shot by Daniel Sprong.
18:13 of 3rd period - Stopped by Scott Wedgewood without a rebound.
18:14 of 3rd period - Brayden Point wins face-off versus Sean Monahan in Penguins zone.
18:27 of 3rd period - Snap shot by Charlie McAvoy.
18:27 of 3rd period - Stopped by Scott Wedgewood with a rebound.
18:58 of 3rd period - Icing by Arthur Kaliyev.
18:59 of 3rd period - Brayden Point wins face-off versus Joe Pavelski in Penguins zone.
19:18 of 3rd period - Wrist shot by Tyler Seguin.
19:18 of 3rd period - Shot Misses the Net.
19:45 of 3rd period - Torey Krug is hit by Tyler Seguin.
Goals for this period are 0 for Penguins vs 1 for Red Wings.
Shots for this period are 9 for Penguins vs 15 for Red Wings.

Overtime #1


0:01 of 1st overtime period - Joe Pavelski wins face-off versus Brayden Point in neutral zone.
0:16 of 1st overtime period - Slapshot by Jake Guentzel.
0:16 of 1st overtime period - Stopped by John Gibson without a rebound.
0:17 of 1st overtime period - Brayden Point wins face-off versus Joe Pavelski in Red Wings zone.
0:22 of 1st overtime period - Slapshot by Logan Couture.
0:22 of 1st overtime period - Stopped by Scott Wedgewood without a rebound.
0:23 of 1st overtime period - Brayden Point wins face-off versus Joe Pavelski in Penguins zone.
0:56 of 1st overtime period - Snap shot by Tyler Seguin.
0:56 of 1st overtime period - Goal by Tyler Seguin - Penguins : 3 - Red Wings : 2.
Goals for this period are 1 for Penguins vs 0 for Red Wings.
Shots for this period are 2 for Penguins vs 1 for Red Wings.